 Dungeon Crawl Stone Soup version 0.29.1-12-g30fa7ad0bf (webtiles) character file.

Game seed: 11595053080996595576

42 DemonSlayer the Digger (level 3, 0/24 HPs)
             Began as a Demonspawn Earth Elementalist on Jan 17, 2023.
             Slain by Sigmund
             ... wielding a +0 scythe
              (7 damage)
             ... on level 2 of the Dungeon.
             The game lasted 00:03:21 (1586 turns).

DemonSlayer the Digger (DsEE)                       Turns: 1586, Time: 00:03:23

Health: 0/24       AC:  4    Str:  8    XL:     3   Next: 35%
Magic:  4/6        EV: 11    Int: 18    God:
Gold:   89         SH:  0    Dex: 13    Spells: 1/7 levels left

rFire   . . .      SeeInvis .   g - +5 mace
rCold   . . .      Faith    .   (no shield)
rNeg    . . .      Spirit   .   r - +0 leather armour
rPois   +          Reflect  .   d - +0 helmet
rElec   .          Harm     .   (no cloak)
rCorr   .          Rampage  .   (no gloves)
Will    .....                   (no boots)
Stlth   ++........              q - amulet of magic regeneration
HPRegen 0.08/turn               p - ring of poison resistance
MPRegen 0.50/turn               (no ring)

@: no status effects
A: powered by pain 2
a: no special abilities


You were on level 2 of the Dungeon.
You visited 1 branch of the dungeon, and saw 2 of its levels.

You collected 89 gold pieces.

Inventory:

Hand Weapons
 g - a +5 mace (weapon)
Missiles
 f - 5 silver javelins
Armour
 d - a +0 helmet (worn)
 r - a +0 leather armour (worn)
Jewellery
 p - a ring of poison resistance (left hand)
 q - an amulet of magic regeneration (around neck)
Scrolls
 i - 2 scrolls of teleportation
 m - a scroll of immolation
Potions
 b - a potion of magic
 k - 3 potions of curing
 l - a potion of cancellation {unknown}


   Skills:
 + Level 0.1 Maces & Flails
 + Level 2.1 Dodging
 + Level 2.2 Stealth
 + Level 2.6 Spellcasting
 + Level 0.8 Transmutations
 + Level 3.2 Earth Magic


You had one spell level left.
You knew the following spells:

 Your Spells              Type           Power      Damage    Failure   Level
a - Sandblast             Erth           26%        2d8       7%          1
b - Passwall              Tmut/Erth      7%         N/A       16%         2
c - Stone Arrow           Conj/Erth      16%        3d8       36%         3

Your spell library contained the following spells:

 Spells                   Type           Power      Damage    Failure   Level
 Wereblood                Tmut           5%         N/A       26%         2
 Sublimation of Blood     Necr           2%         N/A       36%         2
 Spider Form              Tmut/Pois      3%         N/A       54%         3
 Petrify                  Tmut/Erth      9%         N/A       71%         4
 Anguish                  Hex/Necr       1%         N/A       94%         4
 Blade Hands              Tmut           2%         N/A       99%         5
 Enfeeble                 Hex            1%         N/A       100%        7
 Summon Hydra             Summ           1%         N/A       100%        7


Dungeon Overview and Level Annotations

Branches:
Dungeon (2/15)

Altars:

Annotations:
D:2 Sigmund


Innate Abilities, Weirdness & Mutations

You sometimes gain power by taking damage.


Message History

Sigmund is moderately wounded.
Sigmund gestures at you while chanting. The puff of flame hits you!
You are too injured to fight recklessly!
You are too injured to fight recklessly!
You are too injured to fight recklessly!
Unknown command.
Casting: Sandblast (safe; 7% risk of failure)
Confirm with . or Enter, or press ? or * to list all spells.
Aiming: Sandblast (safe; 7% risk of failure)
Press: ? - help, Shift-Dir - straight line, f/p - Sigmund
Aim: Sigmund, wielding a +0 scythe, wearing a +0 robe and carrying a wand of flame (21) (moderately wounded, 80% to hit)
The blast of sand hits Sigmund.
Sigmund is moderately wounded.
Sigmund zaps a wand.
The puff of flame misses you.
Casting: Sandblast (safe; 7% risk of failure)
Confirm with . or Enter, or press ? or * to list all spells.
Aiming: Sandblast (safe; 7% risk of failure)
Press: ? - help, Shift-Dir - straight line, f/p - Sigmund
Aim: Sigmund, wielding a +0 scythe, wearing a +0 robe and carrying a wand of flame (20) (moderately wounded, 80% to hit)
The blast of sand hits Sigmund.
Sigmund is heavily wounded.
Sigmund hits you with a +0 scythe.
* * * LOW HITPOINT WARNING * * *
Casting: Sandblast (safe; 7% risk of failure)
Confirm with . or Enter, or press ? or * to list all spells.
Aiming: Sandblast (safe; 7% risk of failure)
Press: ? - help, Shift-Dir - straight line, f/p - Sigmund
Aim: Sigmund, wielding a +0 scythe, wearing a +0 robe and carrying a wand of flame (20) (heavily wounded, 80% to hit)
The blast of sand misses Sigmund.
Sigmund hits you but does no damage.
Unknown command.
Casting: Sandblast (safe; 7% risk of failure)
Confirm with . or Enter, or press ? or * to list all spells.
Aiming: Sandblast (safe; 7% risk of failure)
Press: ? - help, Shift-Dir - straight line, f/p - Sigmund
Aim: Sigmund, wielding a +0 scythe, wearing a +0 robe and carrying a wand of flame (20) (heavily wounded, 80% to hit)
The blast of sand hits Sigmund.
Sigmund is severely wounded.
Sigmund hits you with a +0 scythe!
You die...

..# #.# #.#
#.########.###..###
### #.# #.# ##.#...>##
# #.# #.# ##.....## #
#.# #.# #....... # #.#
#.# #.....##
#####.#####.# #.#
#.....# #............
#.# ###.###
.......######.#.######
#.#
.......>.......#@....#
#.#
.....†...######@####.#
#.# .........# ## #.#
.........# ..#
#.......## ###
##.....## ##...##
##.## #.#


You could see Sigmund.

Vanquished Creatures
  2 dart slugs
  7 ball pythons
  4 bats
  4 endoplasms
  A giant cockroach (D:1)
  5 goblins
  2 hobgoblins
  A quokka (D:1)
  2 frilled lizards (D:1)
  2 kobolds
  3 rats (D:1)
33 creatures vanquished.

Notes
Turn   | Place    | Note
-------+----------+-------------------------------------------
     0 | D:1      | DemonSlayer the Demonspawn Earth Elementalist began the
                  | quest for the Orb.
     0 | D:1      | Reached XP level 1. HP: 13/13 MP: 3/3
   175 | D:1      | Gained mutation: You sometimes gain a little power by
                  | taking damage. [demonic ancestry]
   175 | D:1      | Reached XP level 2. HP: 19/19 MP: 0/5
   178 | D:1      | Learned a level 2 spell: Passwall
   723 | D:1      | Reached skill level 3 in Earth Magic
  1016 | D:1      | Gained mutation: You sometimes gain power by taking damage.
                  | [demonic ancestry]
  1016 | D:1      | Reached XP level 3. HP: 24/24 MP: 4/6
  1088 | D:1      | Learned a level 3 spell: Stone Arrow
  1132 | D:2      | Got the Enchiridion on Changing
  1579 | D:2      | Noticed Sigmund
  1586 | D:2      | Slain by Sigmund

Illustrated notes

Levels and vault maps discovered:
D:1:      lightli_arrival_lavapool, layout_rooms, minmay_cupped
D:2:      layout_loops_ring, uniq_sigmund, uniq_natasha

Skill      XL: |  1  2 |
---------------+-------+-----
Stealth        | 2 |  2.2
Earth Magic    | 3 |  3.2
Dodging        | 2 |  2.1
Maces & Flails | |  0.1
Spellcasting   | |  2.6
Transmutations | |  0.8

Action                   || total
-------------------------++-------
Melee: Unarmed           ||     3
       Dagger            ||     2
       Mace              ||    13
 Cast: Sandblast         ||    41
  Use: Scroll            ||     7
 Stab: Sleeping          ||     1
Armor: Robe              ||     8
       Leather armour    ||     1
Dodge: Dodged            ||    27
